 Dungeon Crawl Stone Soup version 0.27-a0-1500-g450c7e4133 (webtiles) character file.

Game seed: 4346645471261560670

46 lunkers the Insei (level 3, 0/28 HPs)
             Began as a Djinni Warper on July 7, 2021.
             Was an Initiate of Cheibriados.
             Slain by a ball python (1 damage)
             ... on level 3 of the Dungeon.
             The game lasted 00:05:47 (3930 turns).

lunkers the Insei (Djinni Warper)                   Turns: 3930, Time: 00:05:48

Health: 0/28       AC:  3    Str: 11    XL:     3   Next: 92%
Gold:   52         EV:  8    Int: 16    God:    Cheibriados [......] SH:  0 Dex: 13

rFire    + + .     SeeInvis .     - Unarmed
rCold    x . .     Faith    .   (no shield)
rNeg     . . .     Spirit   .   a - +0 leather armour
rPois    ∞         Reflect  .   (no helmet)
rElec    .         Harm     .   (no cloak)
rCorr    .         Rampage  .   (no gloves)
Will     .....                  (boots unavailable)
Stlth    +.........             (no amulet)
HPRegen  0.09/turn              (no ring)
MPRegen  0.00/turn              (no ring)

@: flying, constricted, very slow
A: sickness immunity, fire resistance 2, cold vulnerability 1, float, innate
caster, hp casting, extra vitality 1
a: Renounce Religion, Bend Time


You were on level 3 of the Dungeon.
You worshipped Cheibriados.
Cheibriados was noncommittal.
You visited 1 branch of the dungeon, and saw 3 of its levels.
You also visited: Sewer.

You collected 52 gold pieces.

Inventory:

Armour
 a - a +0 leather armour (worn)
Potions
 e - a potion of curing {unknown}


   Skills:
 - Level 2.0 Fighting
 - Level 0.7 Throwing
 - Level 1.0 Armour
 - Level 2.1 Dodging
 * Level 3.4 Unarmed Combat
 + Level 2.8 Spellcasting


You couldn't memorise any spells.
You knew the following spells:

 Your Spells              Type           Power      Damage    Failure   Level
a - Freeze                Ice            44%        1d6       8%          1
b - Lesser Beckoning      Tloc           5%         N/A       24%         3
c - Gell's Gravitas       Tloc           5%         N/A       24%         3
d - Teleport Other        Tloc           11%        N/A       24%         3
e - Manifold Assault      Tloc           11%        N/A       91%         5
p - Blink                 Tloc           N/A        N/A       12%         2
Your spell library was empty.

Dungeon Overview and Level Annotations

Branches:
Dungeon (2/15)              Sewer (visited)

Altars:
Cheibriados

Annotations:
D:3 Purgy


Innate Abilities, Weirdness & Mutations

You are immune to sickness and miasma.
You are immune to poison.
Your flesh is very heat resistant. (rF++)
You are vulnerable to cold. (rC-)
You float through the air rather than walking.
You learn spells naturally, not from books.
Your magical power is your life essence.
You have superior vitality. (+4 HP)


Message History

The worm barely misses you.
You hit the worm.
The worm is heavily wounded.
You hit the worm. You punch the worm.
The worm is severely wounded.
The worm bites you.
* * * LOW HITPOINT WARNING * * *
You barely miss the worm.
The worm is severely wounded.
You hit the worm but do no damage.
The worm is severely wounded.
The worm bites you!
* * * LOW HITPOINT WARNING * * *
You hit the worm but do no damage.
The worm is heavily wounded.
You punch the worm!
You kill the worm!
You hit the hobgoblin but do no damage. The hobgoblin completely misses you.
You closely miss the hobgoblin. The hobgoblin barely misses you.
You hit the hobgoblin.
The hobgoblin is severely wounded.
The hobgoblin barely misses you.
You punch the hobgoblin!
You kill the hobgoblin!
Cheibriados appreciates the change of pace.
The ball python barely misses you. The ball python grabs you.
The ball python constricts you.
You closely miss the ball python. The ball python bites you.
* * * LOW HITPOINT WARNING * * *
The ball python constricts you.
You closely miss the ball python. The ball python bites you.
* * * LOW HITPOINT WARNING * * *
The ball python constricts you.
You hit the ball python but do no damage.
The ball python bites you but does no damage.
The ball python constricts you.
You hit the ball python.
The ball python is heavily wounded.
The ball python barely misses you.
You die...

....[..#........#
..........).#...#
............#...# .......
................# .......
................# #.........
........# #....# #.........
........## #....# #.........
......#..###.#..###.........
###.# ##.ZS@.##..#..........
#......###................
######.......###.........[
###.....# #..........
#.....# ###........ #.....#
##......# ####### ########


You could see a hound zombie and a ball python.

Vanquished Creatures
  A worm (D:3)
  A bat (D:1)
  2 endoplasms
  A giant cockroach (D:3)
  4 goblins
  7 hobgoblins
  8 quokkas
  5 ball pythons
  6 frilled lizards
  3 kobolds
  2 rats (D:1)
40 creatures vanquished.

Notes
Turn   | Place    | Note
-------+----------+-------------------------------------------
     0 | D:1      | lunkers the Djinni Warper began the quest for the Orb.
     0 | D:1      | Reached XP level 1. HP: 18/18 MP: 0/0
   599 | D:1      | Reached XP level 2. HP: 12/23 MP: 0/0
  2339 | D:2      | Reached XP level 3. HP: 15/28 MP: 0/0
  2339 | D:2      | Learned a level 1 spell: Freeze
  2493 | D:2      | Reached skill level 3 in Unarmed Combat
  2520 | D:2      | Found a snail-covered altar of Cheibriados.
  2614 | D:2      | Became a worshipper of Cheibriados the Contemplative
  2676 | D:2      | You are sucked into a shaft and drop 1 floor!
  2676 | D:3      | Found a glowing drain.
  2772 | Sewer    | Entered a sewer
  2950 | Sewer    | Noticed Purgy
  3928 | D:3      | HP: 1/28 [ball python (2)]
  3930 | D:3      | Slain by a ball python

Illustrated notes

Levels and vault maps discovered:
D:1:      dpeg_arrival_another_circle, layout_basic, hex_intersection,
          roderic_roman_lattice, minmay_ruptured
D:2:      layout_basic, basic_altar
D:3:      layout_rooms, portal_sewer_entry_f

Skill      XL: |  1  2  3 |
---------------+----------+-----
Unarmed Combat | 3 |  3.4
Fighting       | |  2.0
Throwing       | |  0.7
Armour         | |  1.0
Dodging        | |  2.1
Spellcasting   | |  2.8

Action                   || total
-------------------------++-------
Melee: Unarmed           ||   137
       Punch             ||     2
Throw: Dart              ||    38
       Boomerang         ||     5
 Cast: Freeze            ||    31
       Blink             ||     1
  Use: Scroll            ||     3
 Stab: Sleeping          ||     1
Armor: Leather armour    ||    41
Dodge: Dodged            ||   104

Table legend: (Time is in decaauts)
 A = Elapsed time spent in this place.
 B = Non-inter-level travel time spent in this place.
 C = Inter-level travel time spent in this place.
 D = Time resting spent in this place.
 E = Time spent auto-exploring this place.
 F = Levels seen in this place.
 G = Mean time per level.
                   A        B        C        D        E       F      G
               +--------+--------+--------+--------+--------+-----+--------+
         Total |   4031 |   3921 |    110 |    980 |   2306 |   4 | 1007.8 |
       Dungeon |   3088 |   2978 |    110 |    488 |   2171 |   3 | 1029.3 |
         Sewer |    942 |    942 |      0 |    492 |    135 |   1 |  942.0 |
               +--------+--------+--------+--------+--------+-----+--------+

Top non-repeatable levels by time:
     D:1: 2279 daAuts
   Sewer: 942 daAuts
     D:3: 414 daAuts
     D:2: 395 daAuts
